 Dungeon Crawl Stone Soup version 0.30-a0-1018-g25214051b3 (webtiles) character file.

Game seed: 1221259025552300110

93 ThatPearl the Chopper (level 4, -2/41 HPs)
             Began as a Hill Orc Monk on Apr 8, 2023.
             Slain by an ogre
             ... wielding a +0 giant club
              (33 damage)
             ... on level 3 of the Dungeon.
             The game lasted 00:04:12 (2110 turns).

ThatPearl the Chopper (Hill Orc Monk)               Turns: 2110, Time: 00:04:13

Health: -2/41      AC:  6    Str: 15    XL:     4   Next: 62%
Magic:  4/4        EV: 11    Int: 10    God:
Gold:   98         SH:  0    Dex: 13    Spells: 1/3 levels left

rFire   . . .      SeeInvis .    a - +0 hand axe
rCold   . . .      Faith    .    (no shield)
rNeg    . . .      Spirit   .    k - +0 ring mail
rPois   .          Reflect  .    m - +0 helmet
rElec   .          Rampage  .    (no cloak)
rCorr   .                        (no gloves)
Will    .....                    (no boots)
Stlth   +                        (no amulet)
HPRegen 0.26/turn                (no ring)
MPRegen 0.09/turn                (no ring)

@: no status effects
A: no striking features
a: no special abilities


You were on level 3 of the Dungeon.
You visited 1 branch of the dungeon, and saw 3 of its levels.

You collected 98 gold pieces.

Inventory:

Hand Weapons
 a - a +0 hand axe (weapon)
 b - a +0 shortbow
Missiles
 f - a poisoned dart (quivered)
 l - 22 stones
Armour
 k - a +0 ring mail (worn)
 m - a +0 helmet (worn)
Scrolls
 d - a scroll of poison {unknown}
 h - a scroll of amnesia {unknown}
 j - a scroll of brand weapon {unknown}
 n - a scroll of immolation {unknown}
 o - a scroll of torment {unknown}
 p - 3 scrolls of identify {unknown}
 t - a scroll of teleportation {unknown}
 u - a scroll of silence {unknown}
Potions
 c - a potion of ambrosia
 e - a potion of brilliance {unknown}
 g - a potion of might {unknown}
 i - a potion of resistance {unknown}
 q - a potion of flight {unknown}
 r - a potion of lignification {unknown}
 s - a potion of berserk rage {unknown}


   Skills:
 + Level 4.6 Fighting
 * Level 6.1 Axes
 - Level 2.4 Dodging
 - Level 1.5 Stealth


You had one spell level left.
You knew the following spells:

 Your Spells              Type           Power      Damage    Failure   Level
b - Blink                 Tloc           0%         N/A       75%         2

Your spell library contained the following spells:

 Spells                   Type           Power      Damage    Failure   Level
 Magic Dart               Conj           0%         1d3       58%         1
 Lesser Beckoning         Tloc           0%         N/A       75%         2
 Momentum Strike          Conj/Tloc      0%         3d8       75%         2
 Searing Ray              Conj           0%         2d4       75%         2
 Fulminant Prism          Conj/Hex       0%         3d5       100%        4
 Malign Gateway           Summ/Tloc      0%         N/A       100%        7
 Summon Horrible Things   Summ           0%         N/A       100%        8


Dungeon Overview and Level Annotations

Branches:
Dungeon (3/15)

Altars:


Message History

You hit the jackal.
You kill the jackal!
The jackal barely misses you.
You hit the jackal.
You kill the jackal!
Things that are here:
a jackal corpse; a jackal corpse You see here a jackal corpse.
You open the door.
There is an open door here.
Found a robe.
You open the door.
An ogre comes into view. It is wielding a +0 giant club.
Throw: 4 darts (poison)
Press: ? - help, Q - select action, (/) - cycle Shift-Dir - straight line, f - ogre
Aim: an ogre, wielding a +0 giant club (asleep, 98% to hit)
You throw a poisoned dart. The poisoned dart hits the ogre.
Throw: 3 darts (poison)
Press: ? - help, Q - select action, (/) - cycle Shift-Dir - straight line, f/p - ogre
Aim: an ogre, wielding a +0 giant club (74% to hit)
You throw a poisoned dart. The poisoned dart hits the ogre.
Throw: 2 darts (poison)
Press: ? - help, Q - select action, (/) - cycle Shift-Dir - straight line, f/p - ogre
Aim: an ogre, wielding a +0 giant club (74% to hit)
You throw a poisoned dart.
The poisoned dart barely misses the ogre.
You barely miss the ogre. The ogre misses you.
You hit the ogre.
The ogre is moderately wounded.
The ogre hits you with a +0 giant club!
You slash the ogre!
The ogre is heavily wounded.
You slash the ogre!
The ogre is almost dead.
The ogre closely misses you.
You hit the ogre but do no damage.
The ogre is almost dead.
The ogre hits you with a +0 giant club!!
Ouch! That really hurt!
You die...

#...[....# . ......... ..
........ (.. ....... ....
#....# ....(##....##
......O.....#
#######@....#
#.....'.....#
#.#####.....# #..
#.#.†.......# ##+#+#..
#...†#......# #.......
#####..#.....####+#.>.....
#......#.#####............
#.####.###.# #..........#.
#.....<###.# #............


You could see an ogre.

Vanquished Creatures
  Robin (D:2)
  An adder (D:2)
  6 endoplasms
  5 giant cockroaches
  11 goblins
  8 hobgoblins
  4 jackals (D:3)
  A quokka (D:1)
  9 ball pythons
  5 bats
  5 frilled lizards
  6 kobolds
  3 rats (D:2)
65 creatures vanquished.

Notes
Turn   | Place    | Note
-------+----------+-------------------------------------------
     0 | D:1      | ThatPearl the Hill Orc Monk began the quest for the Orb.
     0 | D:1      | Reached XP level 1. HP: 19/19 MP: 1/1
   179 | D:1      | Reached XP level 2. HP: 26/27 MP: 2/2
   319 | D:1      | Found a faded altar of an unknown god.
   403 | D:1      | Reached skill level 5 in Axes
   630 | D:1      | Reached XP level 3. HP: 25/33 MP: 3/3
   940 | D:2      | Learned a level 2 spell: Blink
   970 | D:2      | Noticed Robin
   993 | D:2      | Killed Robin
  1084 | D:2      | Reached XP level 4. HP: 41/41 MP: 4/4
  1678 | D:2      | Reached skill level 6 in Axes
  2102 | D:3      | Noticed an ogre
  2110 | D:3      | Slain by an ogre

Illustrated notes

Levels and vault maps discovered:
D:1:      amcnicky_arrival_gap_in_the_tavern_cellar, layout_loops_ring,
          basic_ecumenical_altar
D:2:      layout_basic, chequers_hall_statues_corner_a, uniq_robin
D:3:      layout_basic

Skill      XL: |  1  2  3  4 |
---------------+-------------+-----
Fighting       | 4 |  4.6
Axes           | 5 6 |  6.1
Dodging        | |  2.4
Stealth        | |  1.5

Action                     |  1- 3 |  4- 6 || total
---------------------------+-------+-------++-------
  Melee: Hand axe          |   110 |    60 ||   170
         Punch             |       |     1 ||     1
   Fire: Shortbow          |     8 |    23 ||    31
  Throw: Dart              |       |     3 ||     3
   Stab: Sleeping          |     3 |       ||     3
 Armour: Robe              |     7 |       ||     7
         Ring mail         |     9 |    29 ||    38
  Dodge: Dodged            |    75 |    43 ||   118

Table legend: (Time is in decaauts)
 A = Elapsed time spent in this place.
 B = Non-inter-level travel time spent in this place.
 C = Inter-level travel time spent in this place.
 D = Time resting spent in this place.
 E = Time spent auto-exploring this place.
 F = Levels seen in this place.
 G = Mean time per level.
                   A        B        C        D        E       F      G
               +--------+--------+--------+--------+--------+-----+--------+
         Total |   2122 |   2062 |     60 |     46 |   1515 |   3 |  707.3 |
       Dungeon |   2122 |   2062 |     60 |     46 |   1515 |   3 |  707.3 |
               +--------+--------+--------+--------+--------+-----+--------+

Top non-repeatable levels by time:
     D:2: 1085 daAuts
     D:1: 861 daAuts
     D:3: 176 daAuts
